3335 views
Uploaded 2020-04-19 15:52:51
Game version 1.32.3
22:21 long 1on1 custom game on (2)Amazonia
Game name "W3Champions-20-xd5UEN0HEo"
Saved by Dziango
3335 views
Uploaded 2020-04-19 15:52:51
Game version 1.32.3
22:21 long 1on1 custom game on (2)Amazonia
Game name "W3Champions-20-xd5UEN0HEo"
27 units @ 5k
/ 0.8k
14 buildings @ 2.3k
/ 0.7k



| Rod of Necromancy | 4 | 600 |
| Orb of Corruption | 1 | 375 |
| Potion of Mana | 1 | 200 |
| Dust of Appearance | 1 | 75 |
| Scroll of Healing | 1 | 250 |
| Potion of Lesser Invulnerability | 3 | 450 |
| total: | 11 | 1950g |
| Acolyte | 4 | 300 | / | 0 |
| Ghoul | 3 | 360 | / | 0 |
| Crypt Fiend | 14 | 3010 | / | 560 |
| Obsidian Statue | 4 | 800 | / | 140 |
| Abomination | 2 | 480 | / | 140 |
| total: | 27 | 4950g | / | 840w |
| Ziggurat | 8 | 1200 | / | 400 |
| Altar of Darkness | 1 | 180 | / | 50 |
| Crypt | 1 | 200 | / | 50 |
| Tomb of Relics | 1 | 130 | / | 30 |
| Graveyard | 1 | 215 | / | 0 |
| Necropolis | 1 | 225 | / | 0 |
| Slaughterhouse | 1 | 140 | / | 135 |
| Halls of the Dead | 1 | 320 | / | 210 |
| Black Citadel | 1 | 325 | / | 230 |
| total: | 14 | 2290g | / | 665w |
| 0:01 | Acolyte |
| 0:04 | Ziggurat |
| 0:07 | Altar of Darkness |
| 0:11 | Acolyte |
| 0:32 | Crypt |
| 0:39 | Acolyte |
| 0:57 | Tomb of Relics |
| 1:15 | Graveyard |
| 1:34 | Ghoul |
| 1:42 | Ghoul |
| 2:06 | Rod of Necromancy |
| 2:07 | Dust of Appearance |
| 2:12 | Death Coil |
| 2:37 | Halls of the Dead |
| 2:53 | Crypt Fiend |
| 3:12 | Ziggurat |
| 4:02 | Rod of Necromancy |
| 4:05 | Crypt Fiend |
| 4:21 | Unholy Aura |
| 4:39 | Crypt Fiend |
| 5:19 | Black Citadel |
| 5:35 | Slaughterhouse |
| 5:56 | Frost Nova |
| 6:02 | Crypt Fiend |
| 6:16 | Ghoul |
| 6:31 | Rod of Necromancy |
| 6:40 | Obsidian Statue |
| 6:52 | Burrow |
| 6:55 | Ziggurat |
| 7:37 | Death Coil |
| 7:41 | Obsidian Statue |
| 8:05 | Potion of Lesser Invulnerability |
| 8:08 | Crypt Fiend |
| 8:32 | Orb of Corruption |
| 9:05 | Crypt Fiend |
| 9:26 | Rod of Necromancy |
| 9:45 | Abomination |
| 10:01 | Ziggurat |
| 10:27 | Dark Ritual |
| 10:37 | Destroyer Form |
| 10:52 | Creature Attack |
| 10:53 | Crypt Fiend |
| 11:16 | Obsidian Statue |
| 11:41 | Ziggurat |
| 12:41 | Crypt Fiend |
| 12:45 | Frost Nova |
| 12:47 | Unholy Aura |
| 12:56 | Crypt Fiend |
| 13:00 | Crypt Fiend |
| 13:14 | Crypt Fiend |
| 13:51 | Crypt Fiend |
| 13:52 | Improved Creature Attack |
| 13:57 | Obsidian Statue |
| 14:01 | Potion of Lesser Invulnerability |
| 14:20 | Potion of Mana |
| 14:45 | Disease Cloud |
| 14:54 | Creature Carapace |
| 15:30 | Crypt Fiend |
| 15:58 | Abomination |
| 16:21 | Potion of Lesser Invulnerability |
| 17:16 | Scroll of Healing |
| 17:26 | Ziggurat |
| 17:51 | Dark Ritual |
| 18:10 | Improved Creature Carapace |
| 18:12 | Acolyte |
| 18:27 | Crypt Fiend |
| 18:59 | Death Coil |
| 19:39 | Howl of Terror |
| 20:59 | Ziggurat |
| 21:00 | Ziggurat |
| 21:01 | Necropolis |
| 21:45 | Cleaving Attack |
| 22:18 | Frost Nova |
33 units @ 5.3k
/ 1.4k
12 buildings @ 2.2k
/ 0.9k


| Orb of Venom | 1 | 325 |
| Staff of Preservation | 2 | 300 |
| Lesser Clarity Potion | 2 | 140 |
| Moonstone | 1 | 50 |
| Potion of Mana | 1 | 200 |
| Scroll of Healing | 2 | 500 |
| Boots of Speed | 1 | 250 |
| Circlet of Nobility | 1 | 175 |
| Potion of Lesser Invulnerability | 1 | 150 |
| total: | 12 | 2090g |
| Wisp | 9 | 540 | / | 0 |
| Archer | 7 | 910 | / | 70 |
| Dryad | 6 | 870 | / | 360 |
| Druid of the Claw | 9 | 2295 | / | 720 |
| Mountain Giant | 1 | 350 | / | 100 |
| Goblin Shredder | 1 | 375 | / | 100 |
| total: | 33 | 5340g | / | 1350w |
| Altar of Elders | 1 | 180 | / | 50 |
| Moon Well | 5 | 900 | / | 200 |
| Ancient of War | 1 | 150 | / | 60 |
| Hunter's Hall | 1 | 210 | / | 100 |
| Ancient of Wonders | 1 | 90 | / | 30 |
| Tree of Life | 1 | 340 | / | 185 |
| Ancient of Lore | 2 | 310 | / | 290 |
| Tree of Ages | 1 | 320 | / | 180 |
| Tree of Eternity | 1 | 330 | / | 200 |
| total: | 12 | 2180g | / | 915w |
| 0:02 | Wisp |
| 0:05 | Altar of Elders |
| 0:08 | Wisp |
| 0:13 | Moon Well |
| 0:21 | Ancient of War |
| 0:33 | Wisp |
| 0:41 | Wisp |
| 0:51 | Wisp |
| 0:59 | Wisp |
| 1:10 | Wisp |
| 1:18 | Wisp |
| 1:23 | Archer |
| 1:39 | Moon Well |
| 1:58 | Wisp |
| 2:03 | Mana Burn |
| 2:44 | Tree of Ages |
| 3:00 | Evasion |
| 3:09 | Archer |
| 3:17 | Archer |
| 3:33 | Archer |
| 3:36 | Hunter's Hall |
| 4:03 | Archer |
| 4:08 | Boots of Speed |
| 4:09 | Circlet of Nobility |
| 4:16 | Moon Well |
| 4:32 | Archer |
| 5:21 | Moon Well |
| 5:26 | Frost Arrows |
| 6:15 | Ancient of Lore |
| 6:16 | Archer |
| 6:27 | Tree of Eternity |
| 7:07 | Goblin Shredder |
| 7:23 | Mana Burn |
| 7:33 | Ancient of Lore |
| 7:42 | Scroll of Healing |
| 8:08 | Dryad |
| 8:28 | Forked Lightning |
| 8:36 | Druid of the Claw |
| 8:36 | Druid of the Claw Adept Training |
| 9:13 | Druid of the Claw |
| 9:31 | Ancient of Wonders |
| 9:48 | Druid of the Claw Master Training |
| 9:55 | Druid of the Claw |
| 10:42 | Dryad |
| 11:12 | Druid of the Claw |
| 11:28 | Dryad |
| 11:49 | Orb of Venom |
| 11:57 | Staff of Preservation |
| 12:00 | Lesser Clarity Potion |
| 12:02 | Moonstone |
| 12:11 | Dryad |
| 13:02 | Druid of the Claw |
| 13:39 | Druid of the Claw |
| 13:55 | Dryad |
| 14:33 | Moon Well |
| 15:07 | Forked Lightning |
| 15:32 | Mountain Giant |
| 16:02 | Lesser Clarity Potion |
| 16:02 | Potion of Mana |
| 16:04 | Staff of Preservation |
| 16:52 | Druid of the Claw |
| 17:18 | Evasion |
| 17:32 | Mark of the Claw |
| 17:47 | Scroll of Healing |
| 17:55 | Potion of Lesser Invulnerability |
| 18:46 | Tree of Life |
| 18:59 | Frost Arrows |
| 19:15 | Dryad |
| 19:17 | Hardened Skin |
| 19:20 | Resistant Skin |
| 19:23 | Reinforced Hides |
| 19:23 | Strength of the Wild |
| 20:26 | Druid of the Claw |
| 21:00 | Druid of the Claw |